TOP OF THE 1ST |
Gainesville Guidos batting - Pitching for Key West Barracudas : RHP Lawrence Fish
|
Pitching: RHP Lawrence Fish
|
|
Batting: RHB Noriyori Ine
|
0-0: Ball 1-0: Foul Ball, location: 2F 1-1: Called Strike 1-2: Strikes out looking
|
Batting: RHB Mitch Thomas
|
0-0: Called Strike 0-1: Ball 1-1: DOUBLE (Line Drive, 7LM)
|
Batting: LHB Marcos Villarreal
|
0-0: Ball Mitch Thomas steals 3rd base 1-0: Swinging Strike 1-1: Swinging Strike 1-2: Ground out 3-1 (Groundball, 3)
|
Batting: LHB Dave Watt
|
0-0: Ball 1-0: Called Strike 1-1: Called Strike 1-2: Fly out, F5 (Popup, 56)
|
Top of the 1st over - 0 run(s), 1 hit(s), 0 error(s), 1 left on base; Gainesville 0 - Key West 0 |
BOTTOM OF THE 1ST |
Key West Barracudas batting - Pitching for Gainesville Guidos : RHP Matt McGinnity
|
Pitching: RHP Matt McGinnity
|
|
Batting: RHB Victor Baker
|
0-0: Ball 1-0: Called Strike 1-1: Ball 2-1: Ball 3-1: Base on Balls
|
Batting: RHB Zander Tremblett
|
0-0: Ball 1-0: Called Strike 1-1: Ball 2-1: SINGLE (Groundball, 4MD) Victor Baker to second
|
Batting: RHB Kenny Cole
|
0-0: Ball 1-0: Foul Ball, location: 2F 1-1: DOUBLE (Flyball, 9D) Victor Baker scores Zander Tremblett to third
|
Batting: LHB Arturo López
|
0-0: Ball 1-0: DOUBLE (Flyball, 7LD) Zander Tremblett scores Kenny Cole scores
|
Batting: RHB Luther Stoffels
|
0-0: Called Strike 0-1: Ball 1-1: Ball 2-1: Ball 3-1: Base on Balls
|
Batting: LHB Víctor Acevedo
|
0-0: Foul Ball, location: 2F 0-1: Ball 1-1: Foul Ball, location: 2F 1-2: Strikes out swinging
|
Batting: RHB Carlos Miranda
|
0-0: Called Strike 0-1: Called Strike 0-2: Ball 1-2: Foul Ball, location: 2F 1-2: Strikes out swinging
|
Batting: SHB Héctor Jiménez
|
0-0: Ground out 5-3 (Groundball, 56S)
|
Bottom of the 1st over - 3 run(s), 3 hit(s), 0 error(s), 2 left on base; Gainesville 0 - Key West 3 |
TOP OF THE 2ND |
Gainesville Guidos batting - Pitching for Key West Barracudas : RHP Lawrence Fish
|
Batting: RHB Kyle O'Day
|
0-0: Ball 1-0: Ball 2-0: Called Strike 2-1: Ball 3-1: Fly out, F9 (Popup, 9LS)
|
Batting: RHB José Ortega
|
0-0: DOUBLE (Flyball, 89D)
|
Batting: RHB Pedro Mata
|
0-0: Fly out, F7 (Flyball, 7M)
|
Batting: RHB Iván Moreno
|
0-0: Ball 1-0: Ball 2-0: Ball 3-0: Base on Balls
|
Batting: RHB Ben Morton
|
0-0: Called Strike 0-1: Ball 1-1: Foul Ball, location: 2F 1-2: Ball 2-2: Strikes out swinging
|
Top of the 2nd over - 0 run(s), 1 hit(s), 0 error(s), 2 left on base; Gainesville 0 - Key West 3 |
BOTTOM OF THE 2ND |
Key West Barracudas batting - Pitching for Gainesville Guidos : RHP Matt McGinnity
|
Batting: LHB Motoki Hirata
|
0-0: Called Strike 0-1: Called Strike 0-2: Strikes out swinging
|
Batting: RHB Victor Baker
|
0-0: Ball 1-0: Ball 2-0: Ball 3-0: Called Strike 3-1: Swinging Strike 3-2: Foul Ball, location: 2F 3-2: Base on Balls
|
Batting: RHB Zander Tremblett
|
0-0: Ball Victor Baker is caught stealing 2nd base 1-0: Called Strike 1-1: Ball 2-1: Ball 3-1: Fly out, F8 (Flyball, 8RM)
|
Bottom of the 2nd over - 0 run(s), 0 hit(s), 0 error(s), 0 left on base; Gainesville 0 - Key West 3 |
TOP OF THE 3RD |
Gainesville Guidos batting - Pitching for Key West Barracudas : RHP Lawrence Fish
|
Batting: RHB Noriyori Ine
|
0-0: Ball 1-0: Called Strike 1-1: Ball 2-1: Swinging Strike 2-2: Strikes out looking
|
Batting: RHB Mitch Thomas
|
0-0: Foul Ball, location: 2F 0-1: Ball 1-1: Ball 2-1: Ball 3-1: Base on Balls
|
Batting: LHB Marcos Villarreal
|
0-0: Called Strike 0-1: Ball 1-1: Swinging Strike 1-2: Foul Ball, location: 2F 1-2: Ball 2-2: Ball 3-2: Base on Balls Mitch Thomas to second
|
Batting: LHB Dave Watt
|
0-0: Fly out, F6 (Line Drive, 6)
|
Batting: RHB Kyle O'Day
|
0-0: Swinging Strike 0-1: Foul Ball, location: 2F 0-2: Fielders Choice at 2nd, 6-4 (Groundball, 6)
|
Top of the 3rd over - 0 run(s), 0 hit(s), 0 error(s), 1 left on base; Gainesville 0 - Key West 3 |
BOTTOM OF THE 3RD |
Key West Barracudas batting - Pitching for Gainesville Guidos : RHP Matt McGinnity
|
Batting: RHB Kenny Cole
|
0-0: Ball 1-0: Fly out, F3 (Line Drive, 3)
|
Batting: LHB Arturo López
|
0-0: Ball 1-0: Ball 2-0: Foul Ball, location: 2F 2-1: Ball 3-1: Swinging Strike 3-2: Foul Ball, location: 2F 3-2: Base on Balls
|
Batting: RHB Luther Stoffels
|
0-0: Ball 1-0: Ball 2-0: Foul Ball, location: 2F 2-1: Called Strike 2-2: Strikes out swinging
|
Batting: LHB Víctor Acevedo
|
0-0: Called Strike 0-1: SINGLE (Groundball, 3D) Arturo López to second Runner from 2nd tries for 3rd, SAFE, throw made to third
|
Batting: RHB Carlos Miranda
|
0-0: Ball 1-0: Called Strike 1-1: SINGLE (Groundball, 4MD) Arturo López scores Víctor Acevedo to second
|
Batting: SHB Héctor Jiménez
|
0-0: Ball 1-0: Swinging Strike 1-1: Ball 2-1: Ball 3-1: Reached on error, E4 (Groundball, 4) Víctor Acevedo to third Carlos Miranda to second
|
Batting: LHB Motoki Hirata
|
0-0: Ball 1-0: DOUBLE (Flyball, 89M) Víctor Acevedo scores Carlos Miranda scores Héctor Jiménez to third Runner from 3rd tries for Home, SAFE, no throw or cutoff
|
Batting: RHB Victor Baker
|
0-0: Ball 1-0: Fly out, F3 (Popup, 34)
|
Bottom of the 3rd over - 4 run(s), 3 hit(s), 1 error(s), 1 left on base; Gainesville 0 - Key West 7 |
TOP OF THE 4TH |
Gainesville Guidos batting - Pitching for Key West Barracudas : RHP Lawrence Fish
|
Batting: RHB José Ortega
|
0-0: Called Strike 0-1: Fly out, F8 (Flyball, 8LXD)
|
Batting: RHB Pedro Mata
|
0-0: Called Strike 0-1: Ball 1-1: Foul Ball, location: 2F 1-2: Ball 2-2: Fly out, F8 (Flyball, 78XD)
|
Batting: RHB Iván Moreno
|
0-0: Called Strike 0-1: Ball 1-1: Fly out, F4 (Line Drive, 4)
|
Top of the 4th over - 0 run(s), 0 hit(s), 0 error(s), 0 left on base; Gainesville 0 - Key West 7 |
BOTTOM OF THE 4TH |
Key West Barracudas batting - Pitching for Gainesville Guidos : RHP Matt McGinnity
|
Batting: RHB Zander Tremblett
|
0-0: Foul Ball, location: 2F 0-1: Ball 1-1: Ball 2-1: Ball 3-1: Called Strike 3-2: Foul Ball, location: 2F 3-2: Base on Balls
|
Batting: RHB Kenny Cole
|
0-0: Called Strike 0-1: Ball 1-1: Fly out, F7 (Flyball, 7M)
|
Batting: LHB Arturo López
|
0-0: Ball 1-0: Called Strike 1-1: Ball 2-1: DOUBLE (Flyball, 8RXD) Zander Tremblett to third Runner from 3rd tries for Home, SAFE, throw made home
|
Pitching: RHP Mario Tovar
|
|
Pinch Runner at 2nd Jake Wells:
|
|
Batting: RHB Luther Stoffels
|
0-0: Ball 1-0: DOUBLE (Line Drive, 9LM) Jake Wells scores
|
Batting: LHB Víctor Acevedo
|
0-0: Ball 1-0: TRIPLE (Flyball, 8RM) Luther Stoffels scores
|
Batting: RHB Carlos Miranda
|
0-0: Ball 1-0: Foul Ball, location: 2F 1-1: SINGLE (Groundball, 4MD) Víctor Acevedo scores
|
Batting: SHB Héctor Jiménez
|
0-0: Called Strike 0-1: Foul Ball, location: 2F 0-2: Ball 1-2: Foul Ball, location: 2F 1-2: Ball 2-2: SINGLE (Groundball, 5D) Carlos Miranda to second
|
Batting: LHB Motoki Hirata
|
0-0: Called Strike 0-1: Ball 1-1: Foul Ball, location: 2F 1-2: Ball 2-2: Strikes out swinging
|
Batting: RHB Victor Baker
|
0-0: Ball 1-0: Foul Ball, location: 2F 1-1: Called Strike 1-2: Strikes out swinging
|
Bottom of the 4th over - 4 run(s), 5 hit(s), 0 error(s), 2 left on base; Gainesville 0 - Key West 11 |
TOP OF THE 5TH |
Gainesville Guidos batting - Pitching for Key West Barracudas : RHP Lawrence Fish
|
Now at 1B: Jake Wells
|
|
Batting: RHB Ben Morton
|
0-0: Foul Ball, location: 2F 0-1: Called Strike 0-2: Ball 1-2: Strikes out swinging
|
Batting: RHB Noriyori Ine
|
0-0: Ball 1-0: Foul Ball, location: 2F 1-1: Ball 2-1: Called Strike 2-2: Strikes out swinging
|
Batting: RHB Mitch Thomas
|
0-0: Ball 1-0: Ball 2-0: Fly out, F9 (Line Drive, 89M)
|
Top of the 5th over - 0 run(s), 0 hit(s), 0 error(s), 0 left on base; Gainesville 0 - Key West 11 |
BOTTOM OF THE 5TH |
Key West Barracudas batting - Pitching for Gainesville Guidos : RHP Mario Tovar
|
Batting: RHB Zander Tremblett
|
0-0: Called Strike 0-1: Ball 1-1: Fly out, F9 (Flyball, 89XD)
|
Batting: RHB Kenny Cole
|
0-0: Called Strike 0-1: Foul Ball, location: 2F 0-2: Ground out 4-3 (Groundball, 4)
|
Batting: LHB Jake Wells
|
0-0: Ground out 4-3 (Groundball, 4)
|
Bottom of the 5th over - 0 run(s), 0 hit(s), 0 error(s), 0 left on base; Gainesville 0 - Key West 11 |
TOP OF THE 6TH |
Gainesville Guidos batting - Pitching for Key West Barracudas : RHP Lawrence Fish
|
Batting: LHB Marcos Villarreal
|
0-0: Ball 1-0: Foul Ball, location: 2F 1-1: Ball 2-1: Fly out, F8 (Flyball, 8LD)
|
Batting: LHB Dave Watt
|
0-0: Ball 1-0: Ball 2-0: Called Strike 2-1: Ball 3-1: Foul Ball, location: 2F 3-2: Strikes out looking
|
Batting: RHB Kyle O'Day
|
0-0: Fly out, F3 (Popup, 3SF)
|
Top of the 6th over - 0 run(s), 0 hit(s), 0 error(s), 0 left on base; Gainesville 0 - Key West 11 |
BOTTOM OF THE 6TH |
Key West Barracudas batting - Pitching for Gainesville Guidos : RHP Mario Tovar
|
Batting: RHB Luther Stoffels
|
0-0: Foul Ball, location: 2F 0-1: Fly out, F9 (Popup, 4D)
|
Batting: LHB Víctor Acevedo
|
0-0: Ball 1-0: Ball 2-0: Ball 3-0: Base on Balls
|
Pinch Hitting: LHB Domingo Ledesma
|
0-0: Ball 1-0: Ball 2-0: Ball 3-0: Called Strike 3-1: Swinging Strike 3-2: Foul Ball, location: 2F 3-2: Base on Balls Víctor Acevedo to second
|
Batting: SHB Héctor Jiménez
|
0-0: Called Strike 0-1: Ball 1-1: Ball 2-1: Foul Ball, location: 2F 2-2: Ball 3-2: Foul Ball, location: 2F 3-2: Strikes out swinging Víctor Acevedo is caught stealing 3rd base Batter strikes out.
|
Bottom of the 6th over - 0 run(s), 0 hit(s), 0 error(s), 1 left on base; Gainesville 0 - Key West 11 |
TOP OF THE 7TH |
Gainesville Guidos batting - Pitching for Key West Barracudas : RHP Lawrence Fish
|
Now in CF: Domingo Ledesma
|
|
Pinch Hitting: LHB Ed Hart
|
0-0: Called Strike 0-1: Foul Ball, location: 2F 0-2: Ball 1-2: Foul Ball, location: 2F 1-2: Ball 2-2: Ball 3-2: Base on Balls
|
Batting: RHB Pedro Mata
|
0-0: Ball 1-0: Ball 2-0: Called Strike 2-1: Foul Ball, location: 2F 2-2: Foul Ball, location: 2F 2-2: Strikes out looking
|
Pitching: RHP Neal Dillard
|
|
Batting: RHB Iván Moreno
|
0-0: Swinging Strike 0-1: Ball 1-1: Foul Ball, location: 2F 1-2: Strikes out swinging
|
Batting: RHB Ben Morton
|
0-0: Foul Ball, location: 2F 0-1: Swinging Strike 0-2: Ball 1-2: Strikes out looking
|
Top of the 7th over - 0 run(s), 0 hit(s), 0 error(s), 1 left on base; Gainesville 0 - Key West 11 |
BOTTOM OF THE 7TH |
Key West Barracudas batting - Pitching for Gainesville Guidos : RHP Mario Tovar
|
Pitching: LHP Pedro Flores
|
|
Now at 2B: Mark Owens
|
|
Batting: LHB Motoki Hirata
|
0-0: Fly out, F7 (Flyball, 7LM)
|
Batting: RHB Victor Baker
|
0-0: Called Strike 0-1: Foul Ball, location: 2F 0-2: Hit by Pitch
|
Batting: RHB Zander Tremblett
|
0-0: Ball 1-0: Called Strike 1-1: Ball Throwing error on steal attempt, E2 Victor Baker to third 2-1: Ball 3-1: Base on Balls
|
Batting: RHB Kenny Cole
|
0-0: Ball 1-0: Ball 2-0: Ball 3-0: Called Strike 3-1: Fly out, F2 (Popup, 23F)
|
Pinch Hitting: RHB Frederick Chamberlain
|
0-0: Ball 1-0: Ball 2-0: Ball 3-0: Base on Balls Zander Tremblett to second
|
Batting: RHB Luther Stoffels
|
0-0: Fly out, F9 (Flyball, 9S)
|
Bottom of the 7th over - 0 run(s), 0 hit(s), 1 error(s), 3 left on base; Gainesville 0 - Key West 11 |
TOP OF THE 8TH |
Gainesville Guidos batting - Pitching for Key West Barracudas : RHP Neal Dillard
|
Now at 1B: Daniel Byrd
|
|
Pinch Hitting: RHB Kurt Walter
|
0-0: Called Strike 0-1: Ball 1-1: Ball 2-1: Foul Ball, location: 2F 2-2: Fly out, F7 (Flyball, 78XD)
|
Batting: RHB Mitch Thomas
|
0-0: SINGLE (Line Drive, 7S)
|
Batting: LHB Marcos Villarreal
|
0-0: Called Strike 0-1: Foul Ball, location: 2F 0-2: Strikes out swinging
|
Batting: LHB Dave Watt
|
0-0: Ball 1-0: Called Strike 1-1: Ball 2-1: Foul Ball, location: 2F 2-2: Foul Ball, location: 2F 2-2: Ground out 4-3 (Groundball, 4)
|
Top of the 8th over - 0 run(s), 1 hit(s), 0 error(s), 1 left on base; Gainesville 0 - Key West 11 |
BOTTOM OF THE 8TH |
Key West Barracudas batting - Pitching for Gainesville Guidos : LHP Pedro Flores
|
Now in RF: Kurt Walter
|
|
Batting: LHB Víctor Acevedo
|
0-0: Ground out 5-3 (Groundball, 56S)
|
Batting: LHB Domingo Ledesma
|
0-0: Fly out, F9 (Flyball, 89M)
|
Batting: SHB Héctor Jiménez
|
0-0: Called Strike 0-1: Ball 1-1: Ground out 5-3 (Groundball, 56)
|
Bottom of the 8th over - 0 run(s), 0 hit(s), 0 error(s), 0 left on base; Gainesville 0 - Key West 11 |
TOP OF THE 9TH |
Gainesville Guidos batting - Pitching for Key West Barracudas : RHP Neal Dillard
|
Now at 2B: Richard Sanders
|
|
Now at SS: Rodney Birling
|
|
Pinch Hitting: LHB Ed Murray
|
0-0: Ball 1-0: Called Strike 1-1: Ball 2-1: Ball 3-1: Called Strike 3-2: Foul Ball, location: 2F 3-2: Strikes out swinging
|
Batting: LHB Mark Owens
|
0-0: Ground out 4-3 (Groundball, 4)
|
Batting: RHB Pedro Mata
|
0-0: Called Strike 0-1: Ball 1-1: Called Strike 1-2: Ball 2-2: Fly out, F5 (Popup, 15S)
|
Top of the 9th over - 0 run(s), 0 hit(s), 0 error(s), 0 left on base; Gainesville 0 - Key West 11 |
|